Map: Newkirk Precinct TE (Void)

Players

Tholor - Winner!

  • Race: Zerg Zerg
  • League: Master
  • Spawn Location: 7:00

Musumeci

  • Race: Zerg Zerg
  • League: Diamond
  • Spawn Location: 5:00

VOD

Have the link to the VOD?

Description

Time

  • Played on: Feb. 22, 2017, 12:32 p.m.
  • Length: 9:10
Show
View Real Time Build Order
Export as new Build Order

Tholor Zerg - Winner!

Build Orders: Hatch First, Zergling Baneling 

Get SALT Encoding   

  12  0:00  Drone  
  13  0:09  Drone  
  14  0:18  Overlord  
  14  0:36  Drone x3  
  17  0:55  Hatchery  
  16  0:58  Drone  
  16  1:00  Drone  
  16  1:02  Extractor  
  17  1:17  Spawning Pool  
  16  1:44  Drone x2  
  16  1:45  Overlord  
  18  2:04  Metabolic Boost  
  18  2:05  Queen  
  18  2:07  Queen  
  22  2:08  Zergling x2  
  22  2:11  Zergling x2  
  24  2:26  Drone x3  
  27  2:41  Drone x2  
  29  2:49  Zergling x6  
  32  3:09  Baneling Nest  
  32  3:12  Hatchery  
  30  3:33  Zergling x2  
  30  3:34  Zergling x10  
  36  3:36  Overlord x2  
  35  3:56  Baneling x5  
  35  4:05  Zergling x6  
  35  4:06  Zergling x10  
  41  4:23  Baneling x3  
  39  4:26  Zergling x6  
  35  4:42  Zergling x2  
  35  4:43  Zergling x6  
  37  4:54  Zergling x2  
  37  4:55  Zergling x8  
  42  5:00  Baneling x2  
  42  5:01  Baneling x3  
  42  5:09  Zergling x10  
  47  5:35  Drone x5  
  50  5:41  Baneling x3  
  49  5:47  Zergling x10  
  49  6:10  Baneling  
  37  6:32  Drone x5  
  42  6:34  Zergling x10  
  42  6:35  Zergling x20  
  55  6:48  Drone x2  
  57  6:57  Zergling x6  
  57  6:59  Baneling x3  
  57  7:00  Baneling x3  
  58  7:04  Overlord x3  
  53  7:37  Zergling x22  
  53  7:38  Zergling x6  
  53  7:41  Lair  
  66  7:44  Extractor  
  47  8:05  Queen x2  
  47  8:12  Roach Warren  
  50  8:17  Drone x2, Overlord x3  
  52  8:20  Baneling x3  
  52  8:21  Baneling x3  
  50  8:53  Zergling x12  
Show
View Real Time Build Order
Export as new Build Order

Musumeci Zerg 

Build Orders: Pool First 

Get SALT Encoding   

  12  0:09  Drone x2  
  14  0:15  Extractor  
  14  0:16  Drone  
  15  0:23  Overlord  
  15  0:42  Drone x2  
  17  0:49  Spawning Pool  
  16  0:51  Extractor  
  16  0:53  Drone  
  16  1:17  Evolution Chamber  
  15  1:23  Hatchery  
  14  1:39  Queen  
  17  1:42  Drone x3  
  20  1:58  Zergling x2  
  21  2:10  Zergling x2  
  22  2:15  Metabolic Boost  
  22  2:26  Hatchery  
  21  2:31  Zergling x2  
  22  2:42  Baneling Nest  
  22  2:43  Zergling x2  
  22  2:47  Zergling x2  
  23  2:57  Queen  
  25  3:17  Zergling x6  
  25  3:18  Overlord  
  27  3:27  Baneling  
  27  3:28  Baneling  
  27  3:44  Zergling x2  
  27  3:45  Zergling x8  
  31  4:03  Baneling x2  
  31  4:05  Baneling  
  31  4:06  Baneling  
  31  4:08  Baneling  
  26  4:41  Zergling x2  
  26  4:42  Zergling x22  
  33  4:54  Zergling x6  
  36  5:01  Baneling x2  
  36  5:03  Baneling x4  
  26  5:43  Zergling x2  
  26  5:44  Zergling x14  
  34  5:50  Baneling  
  34  5:51  Baneling x3  
  34  5:52  Baneling x2  
  31  6:09  Zergling x6  
  31  6:10  Zergling x4  
  26  6:26  Zergling x8  
  26  6:31  Drone  
  31  6:35  Baneling  
  31  6:36  Baneling  
  30  6:57  Zergling x8  
  34  7:06  Evolution Chamber  
  33  7:11  Baneling x3  
  33  7:21  Baneling x3  
  33  7:22  Zergling x4  
  33  7:37  Baneling x2  
  33  7:38  Baneling x3  
  33  7:40  Baneling  
  24  8:05  Zergling x18  
  30  8:10  Drone x2  
  31  8:23  Baneling x3  
  30  8:27  Baneling  
  30  8:28  Baneling  
  30  8:31  Zergling x2  
  30  8:32  Zergling x2  
  26  8:51  Zergling x4  
  26  8:52  Zergling x2  
Tags
 
Add a new tag
Caveats
  • Supply blocks, unpowered buildings, or Contaminate may cause inaccurate times.
  • Supply counts are checked every 10 seconds.